[Event "XLIV Barbera del Valles-A 2022"]
[Site "Barbera del Valles"]
[Date "2022.07.06"]
[Round "3.3"]
[White "Cuartas, Jaime Alexander"]
[Black "Rios, Cristhian Camilo"]
[Result "0-1"]
[ECO "B30"]
[WhiteElo "2513"]
[BlackElo "2399"]
[Annotator "TA"]
[PlyCount "122"]
[EventDate "2022.07.04"]
[EventType "swiss"]
[EventCountry "ESP"]
[SourceTitle "playchess.com"]
[Source "ChessBase"]
[SourceQuality "1"]
[TimeControl "5400+30"]

1. e4 c5 2. Nf3 Nc6 3. Bb5 e6 4. Bxc6 bxc6 5. d3 Ne7 6. e5 {[%emt 0:00:43] B30: Sicilian: 2...Nc6 3 Bb5, lines without ...g6.} Ng6 7. b3 f6 8. Bb2 {[%emt 0:01:11] The position is equal.} fxe5 9. Nxe5 {[%emt 0:00:19] [#]} Qf6 $146 ({Predecessor:} 9... Nxe5 10. Bxe5 Qg5 11. Bg3 Be7 12. Nd2 O-O 13. O-O Qd5 14. Qe2 d6 15. Ne4 e5 {0-1 (47) Volek,R (2035)-Bartos,J (2188) Teplice 2009}) 10. Qh5 (10. Nc4 $16 Qh4 11. Qf3) 10... d6 $11 11. Nc4 e5 12. O-O {[%emt 0:02:09][%cal Of2f4] Strongly threatening f4!} Qf5 13. Qxf5 Bxf5 14. Nbd2 Kd7 15. f3 Be7 16. Ne4 Rhf8 17. Nf2 Nh4 18. Ne4 Ng6 19. Rad1 Be6 20. Ba3 Rfb8 21. Nc3 Nf4 22. Rfe1 g5 23. Ne4 Kc7 24. Bb2 (24. Nf2 $11 {feels stronger.}) 24... Ng6 (24... Rg8 $15) 25. h3 (25. Nf2 $11) 25... Rf8 (25... d5 26. Nxe5 $1 Nf4 27. Ng3 $16) 26. Ba3 h5 27. Nf2 a5 28. c3 (28. Bc1 $15) 28... a4 $17 {[%emt 0:00:00] And now ...axb3 would win.} 29. b4 cxb4 30. cxb4 Nf4 31. Rc1 (31. b5 $17) 31... g4 $1 $19 32. hxg4 hxg4 33. g3 Nh3+ ({Inferior is} 33... gxf3 34. gxf4 Rxf4 35. b5 $14) 34. Nxh3 Rxf3 35. Nf4 Rxg3+ 36. Ng2 ({But not} 36. Kh2 $2 exf4 37. Bb2 Rh3+ 38. Kg1 Rh6 $19) 36... Bg5 ({Stronger than} 36... Rxd3 37. Bb2 $17) (36... Bd5 $17 37. Rc2 Rh8) 37. Rc2 $15 Rxd3 {[%emt 0:03:29] Hoping for ...Bxc4.} 38. Bc1 Bd8 {[%emt 0:01:27][%cal Bg5d8,Bd8c7,Bc7b6][%mdl 32] A strong pair of Bishops.} 39. Be3 Kd7 40. Kf2 Bc7 41. Ke2 Bxc4 ({Black should try} 41... Rd5 $1 $15) 42. Rxc4 $11 Ra3 43. Rc2 Rb8 {[%emt 0:00:07] [#]} (43... Rh8 $11) 44. Bd2 $2 (44. Rh1 $1 $16 {[%cal Rh1h7] and life is bright. Threatens to win with Rh7+.} Re8 45. b5) 44... Bb6 $36 {[%emt 0:00:25][%mdl 2048] Black has some pressure.} (44... Rg3 $5 45. Nh4 Rh3 $17) 45. Rh1 (45. Rf1 $15) 45... Rh3 $19 46. Rxh3 gxh3 47. Ne3 Bxe3 48. Kxe3 {[%emt 0:00:41][%mdl 4096] Endgame [#] KRB-KR} Rg8 ({Better is} 48... Rh8 $1 $17 {White must now prevent ...h2.} 49. Rc1 Rg8) 49. Rc1 $2 (49. Be1 $15) 49... Rg3+ 50. Ke2 Rg2+ 51. Kd3 h2 52. Rh1 Ke6 53. a3 Kf5 54. Be3 Kg4 55. Bb6 Kh3 56. Rf1 Rg4 57. Be3 Rg3 {[%emt 0:00:38][%cal Og3e3] ( -> ...Rxe3+!)} 58. Ke2 {[%emt 0:00:21] [#]} Rxe3+ $1 59. Kxe3 Kg2 60. Rf2+ Kg1 61. Rd2 h1=Q {[%emt 0:00:18] Weighted Error Value: White=0.66/Black=0.17 (very precise)} 0-1

[Event "XLIV Barbera del Valles-A 2022"]
[Site "Barbera del Valles"]
[Date "2022.07.06"]
[Round "3.4"]
[White "Narciso Dublan, Marc"]
[Black "Gourav Nigam"]
[Result "1-0"]
[ECO "B23"]
[WhiteElo "2461"]
[BlackElo "1803"]
[Annotator "TA"]
[PlyCount "57"]
[EventDate "2022.07.04"]
[EventType "swiss"]
[EventCountry "ESP"]
[SourceTitle "playchess.com"]
[Source "ChessBase"]
[SourceQuality "1"]
[TimeControl "5400+30"]

1. e4 c5 2. Nc3 Nc6 3. Bb5 Nd4 4. Nf3 Nxb5 5. Nxb5 g6 6. d4 {[%emt 0:06:35] Black must now prevent 0-0. B23: Closed Sicilian: Lines without g3.} Bg7 7. c4 cxd4 8. Nfxd4 {[%emt 0:00:30] White is slightly better.} d6 9. O-O Nf6 {[%emt 0:00:19] [#]} 10. Qe2 $146 ({Predecessor:} 10. f3 O-O 11. Be3 Bd7 12. Nc3 Bc6 13. Qd2 Re8 14. Rfd1 Nd7 15. Rab1 Ne5 16. b3 {1-0 (34) Grischuk,A (2794)-Potapov,P (2471) Sochi 2015}) 10... O-O 11. Rd1 Bd7 12. Nc3 Rc8 13. b3 a6 14. Bb2 e6 (14... b5 $5) 15. Nf3 Qc7 16. Ba3 Ne8 (16... Qa5 17. Bxd6 (17. Bb2 Bc6 $11) 17... Rfd8 18. Be5 $16) 17. Rac1 b5 18. e5 $36 {[%emt 0:12:50][%mdl 2048] White is pushing.} Qa5 19. Bb2 (19. Bxd6 Nxd6 20. Rxd6 Bc6 $15) 19... bxc4 20. bxc4 Qc7 ({Better is} 20... Qb4 $11) 21. Ne4 {[%emt 0:07:52] White is more active.} (21. Ba3 $14) 21... dxe5 $11 22. Ba3 $1 f5 $2 {[%emt 0:00:51] [#] Loses the game.} (22... Bh6 $14) 23. Nc5 $1 $18 {[%emt 0:17:03] Pair of Knights!} ({Stronger than} 23. Bxf8 Bxf8 24. Neg5 e4 $11) 23... Rd8 (23... Rf7 {was worth a try.} 24. Rb1 (24. Nxd7 Rxd7 25. Rxd7 Qxd7 $11) 24... Bc6) 24. Nxd7 Rxd7 25. Rxd7 Qxd7 26. Bxf8 ({But not} 26. Nxe5 Qc7 $18) 26... Bxf8 27. Nxe5 {[%emt 0:00:29] White is clearly winning.} Qc7 28. c5 Bd6 29. Nf3 {[%emt 0:02:06] Weighted Error Value: White=0.08 (flawless) /Black=0.38} 1-0

[Event "XLIV Barbera del Valles-A 2022"]
[Site "Barbera del Valles"]
[Date "2022.07.06"]
[Round "3.5"]
[White "Shah, Vishwa"]
[Black "Moskalenko, Viktor"]
[Result "0-1"]
[ECO "C00"]
[WhiteElo "1931"]
[BlackElo "2457"]
[Annotator "TA"]
[PlyCount "64"]
[EventDate "2022.07.04"]
[EventType "swiss"]
[EventCountry "ESP"]
[SourceTitle "playchess.com"]
[Source "ChessBase"]
[SourceQuality "1"]
[TimeControl "5400+30"]

1. e4 e6 2. d3 d5 3. Nd2 Nf6 4. Ngf3 Nc6 5. g3 dxe4 6. dxe4 Bc5 7. Bg2 e5 8. O-O O-O 9. c3 a5 10. Qc2 b5 {[%emt 0:43:01] C00: French: Unusual White 2nd moves.} 11. h3 {[%emt 0:20:21] [#]} a4 $146 ({Predecessor:} 11... Be6 12. Kh2 Qe7 13. a4 b4 14. Ng5 Bc8 15. Nb3 Bb6 16. Rd1 h6 17. Nf3 Be6 18. c4 {0-1 (31) Cherenkova,K (2282)-Jorczik,J (2359) Pardubice 2008}) 12. Rd1 Qe7 {[%emt 0:02:33] The position is equal.} 13. Nf1 Rd8 14. Bg5 Rxd1 15. Qxd1 h6 16. Be3 Be6 (16... Nxe4 $2 17. Qd5 Ra6 18. Qxe4 $18) 17. Nh4 Rd8 18. Qf3 (18. Qc2 $15) 18... Na5 $17 {[%emt 0:04:01] 0x0.0008628f18d5dp-1022s more active pieces.} 19. Nf5 Bxf5 20. exf5 e4 21. Qe2 Nc4 22. Re1 {[%emt 0:04:45] White does not recover from this.} (22. Bxc5 $17 {was necessary.} Qxc5 23. g4) 22... Bxe3 $19 23. Nxe3 {[%emt 0:00:13] [#]} (23. fxe3 {only move.} Rd3 24. a3) 23... Rd2 24. Qf1 Nxe3 25. Rxe3 Rxb2 26. Bxe4 Nxe4 27. Qe1 $2 {[%emt 0:00:13] [#]} (27. Qg2 Rxa2 28. Rxe4) 27... Qa3 $1 {[%emt 0:04:17][%cal Oa3a2] Black is clearly winning.} 28. Rxe4 Qxa2 {[%emt 0:00:04] Strongly threatening ...Rb1.} 29. Re8+ Kh7 30. Qe5 Rxf2 {[%emt 0:02:34] ( -> ...Rg2+)} 31. Qe4 {[%emt 0:00:13] Against Rg2+} Qc2 32. Qa8 Rxf5 {[%emt 0:00:19] Weighted Error Value: White=0.97/Black=0.22 (precise)} 0-1

[Event "XLIV Barbera del Valles-A 2022"]
[Site "Barbera del Valles"]
[Date "2022.07.06"]
[Round "3.6"]
[White "Munoz, Miguel"]
[Black "Vergara Jofre, Felipe"]
[Result "1/2-1/2"]
[ECO "B32"]
[WhiteElo "2408"]
[BlackElo "2151"]
[Annotator "TA"]
[PlyCount "120"]
[EventDate "2022.07.04"]
[EventType "swiss"]
[EventCountry "ESP"]
[SourceTitle "playchess.com"]
[Source "ChessBase"]
[SourceQuality "1"]
[TimeControl "5400+30"]

1. e4 c5 2. Nf3 Nc6 3. d4 cxd4 4. Nxd4 e5 5. Nb5 d6 6. N1c3 a6 7. Na3 Be7 8. Nc4 b5 {[%emt 0:00:30] B32: Sicilian: Löwenthal and Kalashnikov Variations.} 9. Ne3 ({Much worse is} 9. Qd5 Bb7 10. Ne3 b4 $15) 9... Nf6 10. Ned5 O-O {[%emt 0:00:30] White has an edge.} 11. Nxe7+ (11. Bd3 $142) 11... Nxe7 $11 12. Bg5 b4 13. Bxf6 bxc3 14. Bxe7 Qxe7 15. bxc3 {[%emt 0:00:30] [#]} Be6 $146 ({Predecessor:} 15... Bb7 16. Bd3 Rac8 17. c4 f5 18. exf5 Bxg2 19. Rg1 e4 20. Be2 Bf3 21. Qd5+ Kh8 {½-½ (27) Terletsky,O (2167)-Vypkhaniuk,I (2333) Lvov 2016}) 16. Bd3 Rfc8 17. Qd2 Qc7 18. a4 a5 19. Bb5 Qxc3 20. Qxc3 Rxc3 21. Kd2 Rcc8 22. Bd3 Kf8 23. Rhb1 Rcb8 24. Bb5 Rb6 25. Bd3 Rbb8 26. Rb5 Bd7 27. Rb3 Rxb3 28. cxb3 {[%emt 0:00:30][%mdl 4096] Endgame KRB-KRB} Be6 29. Rb1 Rb8 30. Bb5 d5 31. exd5 Bxd5 32. g3 Ke7 33. Kc3 f5 34. Rd1 Be6 35. Kb2 Rd8 (35... Rc8 $11) 36. Rxd8 $14 Kxd8 {[%emt 0:00:30] KB-KB} 37. Kc3 Kc7 $1 38. b4 Kb6 39. f4 e4 40. Be8 g6 41. h4 Bc8 {[%emt 0:00:30] [#]} (41... Ka6 $11) 42. Bf7 $1 $16 Bd7 (42... axb4+ $16 {might work better.} 43. Kxb4 e3) 43. bxa5+ $2 (43. b5 $18) 43... Kxa5 $11 {[%emt 0:00:30] The position is equal.} 44. Bg8 h6 (44... Bxa4 $2 45. Bxh7 Be8 46. Kd4 $18) 45. Bh7 Kxa4 46. Bxg6 Ka3 47. g4 fxg4 48. f5 g3 49. f6 {[%emt 0:00:30] [#] Threatening mate with f7.} Be6 {[%emt 0:00:30] ( -> ...g2)} (49... g2 {gets mated.} 50. f7 Ka4 51. f8=Q Kb5 52. Qb8+ Ka6 53. Qd6+ Ka5 54. Qc5+ Ka6 55. Bxe4) 50. Bxe4 Bf7 51. Bf3 Ka4 52. Kd4 Kb5 53. Ke5 {[%emt 0:00:30] aiming for Kd6.} Kc5 54. Be4 Bg8 55. Bf3 Bf7 56. Bg2 Bg8 57. Bh3 Bf7 58. Kf5 Kd6 59. Bg2 Be8 60. Bf3 Bf7 {[%emt 0:00:30] Weighted Error Value: White=0.08 (flawless) /Black=0.09 (flawless)} 1/2-1/2

[Event "XLIV Barbera del Valles-A 2022"]
[Site "Barbera del Valles"]
[Date "2022.07.06"]
[Round "3.7"]
[White "Valenzuela Gomez, Fernando"]
[Black "Nagare Akhilesh"]
[Result "1/2-1/2"]
[ECO "B57"]
[WhiteElo "2373"]
[BlackElo "1856"]
[Annotator "TA"]
[PlyCount "74"]
[EventDate "2022.07.04"]
[EventType "swiss"]
[EventCountry "ESP"]
[SourceTitle "playchess.com"]
[Source "ChessBase"]
[SourceQuality "1"]
[TimeControl "5400+30"]

1. e4 c5 2. Nf3 d6 3. d4 cxd4 4. Nxd4 Nf6 5. Nc3 Nc6 6. Bc4 Qb6 7. Nxc6 bxc6 8. Bb3 {[%emt 0:00:28] B57: Classical Sicilian: Sozin with 6...Qb6.} g6 9. Be3 Qc7 10. Qd2 {[%emt 0:00:40] White has an edge.} Bg7 11. Bh6 {[%emt 0:00:47] [#]} O-O $146 ({Predecessor:} 11... Bxh6 12. Qxh6 Qa5 13. O-O-O Be6 14. Kb1 Rg8 15. Qe3 g5 16. g3 g4 17. h3 h5 18. hxg4 hxg4 {0-1 (65) Donchenko,A (2636)-Kramer,J (2423) Terme Catez 2022}) 12. O-O-O Be6 13. Bxg7 Kxg7 14. Rhe1 Bxb3 15. axb3 Rfd8 16. f4 Qa5 17. Kb1 Rab8 18. Qf2 e6 19. Rd4 (19. f5 $5) 19... d5 20. e5 Ne8 (20... Nd7 $11) 21. f5 (21. g4 $1 $16) 21... exf5 $11 22. g4 c5 $2 (22... fxg4 $1 $11 23. Rf4 (23. Rf1 Rb7 $11) 23... Rb7) 23. Ra4 Qb6 24. gxf5 {[%emt 0:00:24] Hoping for Rh4.} d4 (24... c4 $142 25. f6+ Kg8 26. Qxb6 axb6 27. bxc4 dxc4 28. Rxc4 Kf8) 25. fxg6 hxg6 26. e6 {[%emt 0:09:54] White is more active.} (26. Rf1 $6 Rb7 27. Ne4 Rd5 $14) ({White should try} 26. Ne4 $16 {And now Ng5 would win.} Rb7 27. Qd2) 26... f6 ({Better is} 26... Nf6 $1 $14) 27. Ne4 {[%emt 0:02:26] Black must now prevent Rg1.} Rd5 $2 (27... d3 {might work better.} 28. Nxc5 d2) 28. Rg1 $18 d3 29. cxd3 Rb7 30. Qg2 Qxb3 {[%emt 0:01:50] [#]} 31. Qxg6+ $2 {[%emt 0:01:35] The board is on fire.} (31. Ra3 $1 $18 {[%mdl 512] and the rest is easy.} Qxa3 32. Qxg6+ Kf8 33. Qg8+ Ke7 34. Qf7+ Kd8 35. Qxb7 Qxd3+ 36. Ka1 Qxe4 37. e7+ Qxe7 38. Qxd5+ Qd7 39. Qxc5 Qa4+ 40. Kb1) 31... Kf8 $16 32. e7+ (32. Ra2 $6 Qxd3+ 33. Kc1 (33. Ka1 $2 Qd1+ 34. Rxd1 Rxd1#) 33... Qe3+ 34. Kb1 Qd3+ 35. Kc1 (35. Ka1 $2 Qd1+ 36. Rxd1 Rxd1#) 35... Qe3+ 36. Kb1 Qd3+ $11) (32. Qh6+ $1 $16 Ke7 33. Rg7+ $1 Nxg7 34. Qxg7+ Kd8 35. e7+ Rxe7 36. Qh8+ Re8 37. Qxf6+ Re7 38. Nxc5 $1) 32... Kxe7 $11 33. Ra2 (33. Qg2 $1 $11) 33... Qxd3+ $17 34. Kc1 (34. Ka1 $2 Qd1+ $3 35. Rxd1 Rxd1#) 34... Qe3+ 35. Kb1 Qd3+ (35... f5 $15 36. Qg5+ (36. Ra4 $2 Qd3+ 37. Ka1 Qc2 $19) 36... Qxg5 37. Nxg5 Nd6) 36. Kc1 $19 {[%emt 0:00:06] [#]} (36. Ka1 $2 {leads to mate.} Qd1+ $3 37. Rxd1 Rxd1#) 36... Qe3+ (36... Kd8 $1 $19 37. Nxf6 Qxg6 38. Rxg6 Rd6) 37. Kb1 $15 Qd3+ {[%emt 0:00:16] Black defended with fortune.  Weighted Error Value: White=0.37/Black=0.47} ({Black should play} 37... Qf3 $15 38. Rc1 (38. Qh7+ $2 Kd8 $19) 38... Rd1 39. Nxc5 (39. Qh7+ $2 Kd8 $19) 39... Rxc1+ 40. Kxc1 Qh1+ 41. Kc2 Qxh2+ 42. Kb1 Qh1+ 43. Kc2 Rc7) 1/2-1/2

[Event "XLIV Barbera del Valles-A 2022"]
[Site "Barbera del Valles"]
[Date "2022.07.06"]
[Round "3.8"]
[White "Lozano Casasayas, Marc"]
[Black "Alvarez Albiol, Victor"]
[Result "0-1"]
[ECO "B48"]
[WhiteElo "1822"]
[BlackElo "2367"]
[Annotator "TA"]
[PlyCount "65"]
[EventDate "2022.07.04"]
[EventType "swiss"]
[EventCountry "ESP"]
[SourceTitle "playchess.com"]
[Source "ChessBase"]
[SourceQuality "1"]
[TimeControl "5400+30"]

1. e4 c5 2. Nf3 e6 3. d4 cxd4 4. Nxd4 Nc6 5. Nc3 Qc7 6. Be3 a6 7. g4 {[%emt 0:00:24] B48: Sicilian: Taimanov: 5 Nc3 Qc7 6 Be3 a6 without Be2.} b5 8. Nxc6 Qxc6 9. f3 (9. a3 $14 {might be stronger.}) 9... Bb7 $11 10. Qd2 b4 11. Ne2 d5 12. Nd4 (12. e5 $11 {is superior.}) 12... Qc7 $1 $15 {[%emt 0:00:26] [#]} 13. Bd3 $146 ({Predecessor:} 13. exd5 Bxd5 14. O-O-O Nf6 15. g5 Nd7 16. Bg2 Bc5 17. Nf5 O-O 18. Bxc5 Nxc5 19. Qd4 exf5 20. Qxd5 {0-1 (38) Pham,K (2244)-Grutter,T (2234) Hilversum 2022}) 13... dxe4 14. fxe4 Nf6 15. Qg2 Qe5 {[%emt 0:11:18] And now ...Bc5 would win.} 16. Nf3 Qa5 17. Nd2 Be7 18. g5 Nd7 19. Nc4 Qc7 20. O-O-O O-O 21. Rhg1 ({Better is} 21. Kb1 $11) 21... a5 22. h4 a4 23. h5 b3 24. g6 fxg6 25. hxg6 h6 26. Kb1 bxc2+ 27. Qxc2 (27. Bxc2 $11 Rad8 28. Nd2) 27... Nc5 $17 28. Na3 Rf3 29. Bxc5 (29. Qe2 $142 Raf8 30. Nb5) 29... Qxc5 ({Not} 29... Bxc5 30. Rge1 $17) 30. Qe2 $2 {[%emt 0:03:31][%mdl 8192] [#] Loses the game.} (30. Rge1 $17) 30... Rf2 $19 {[%emt 0:01:22] Black is clearly winning.} 31. Rc1 Rxe2 32. Rxc5 Bxc5 {[%emt 0:20:37] This bishop pair is nice.} 33. Rd1 {[%emt 0:09:14] Prevents Rd2.  Weighted Error Value: White=0.38/Black=0.05 (flawless)} 0-1

[Event "XLIV Barbera del Valles-A 2022"]
[Site "Barbera del Valles"]
[Date "2022.07.07"]
[Round "4.1"]
[White "Asis Gargatagli, Hipolito"]
[Black "Rios, Cristhian Camilo"]
[Result "1/2-1/2"]
[ECO "B06"]
[WhiteElo "2514"]
[BlackElo "2399"]
[Annotator "TA"]
[PlyCount "27"]
[EventDate "2022.07.04"]
[EventType "swiss"]
[EventCountry "ESP"]
[SourceTitle "playchess.com"]
[Source "ChessBase"]
[SourceQuality "1"]
[TimeControl "5400+30"]

1. e4 c5 2. c3 d5 3. exd5 Qxd5 4. d4 g6 5. Nf3 Bg7 6. Nbd2 {[%emt 1:32:40] Strongly threatening Bc4. B06: Modern Defence.} cxd4 7. Bc4 Qa5 8. Nxd4 {[%emt 0:00:00] White is slightly better.} Nf6 9. O-O O-O 10. Re1 {[%emt 0:00:00] [#]} Qc7 $146 ({Predecessor:} 10... Nc6 11. Nxc6 bxc6 12. Rxe7 Qc5 13. Re1 Bf5 14. Bf1 Ng4 15. Qf3 Rfe8 16. Rxe8+ Rxe8 {½-½ (35) Kalaitzoglou,P (2061)-Karousos Theodorakis,N (2153) Achaia 2017}) 11. Qe2 Nc6 12. Nxc6 Qxc6 13. Bb5 ({Don't play} 13. Qxe7 {[#]} Bh3 $1 14. gxh3 Rae8 $17) 13... Qb6 14. Ba4 {[%emt 0:00:00] Weighted Error Value: White=0.04 (flawless) /Black=0.07 (flawless)} 1/2-1/2

[Event "XLIV Barbera del Valles-A 2022"]
[Site "Barbera del Valles"]
[Date "2022.07.07"]
[Round "4.2"]
[White "Moskalenko, Viktor"]
[Black "Alsina Leal, Daniel"]
[Result "1/2-1/2"]
[ECO "D02"]
[WhiteElo "2457"]
[BlackElo "2525"]
[Annotator "TA"]
[PlyCount "133"]
[EventDate "2022.07.04"]
[EventType "swiss"]
[EventCountry "ESP"]
[SourceTitle "playchess.com"]
[Source "ChessBase"]
[SourceQuality "1"]
[TimeControl "5400+30"]

1. d4 d5 2. Bf4 c5 3. e3 Nc6 4. Nf3 Nf6 5. Nbd2 Nh5 6. dxc5 {[%emt 0:02:45] D02: 1 d4 d5 2 Nf3 sidelines, including 2...Nf6 3 g3 and 2...Nf6 3 Bf4.} Nxf4 7. exf4 g6 8. c3 {[%emt 0:01:59] White is slightly better.} Bh6 9. g3 Bg7 10. Bg2 O-O {[%emt 0:05:27] [#]} 11. O-O $146 ({Predecessor:} 11. Nb3 a5 12. a4 b6 13. Nfd4 Nxd4 14. Nxd4 e6 15. cxb6 Qxb6 16. Nb5 Ba6 17. Qd3 {½-½ (29) Damjanovic,V (2393)-Perunovic,M (2543) Paracin 2022}) 11... b6 12. cxb6 Qxb6 13. Nb3 Rd8 14. Qd2 Rb8 15. Rfe1 a5 16. Nbd4 Bxd4 17. Nxd4 Nxd4 18. cxd4 Qxb2 19. Qxa5 Be6 20. Rad1 ({White should play} 20. a4 $1 $14) 20... Ra8 $11 21. Rd2 Rxa5 22. Rxb2 Ra4 23. Rd2 Rb8 24. h3 Rbb4 25. Red1 h5 26. Kh2 Ra5 {[%emt 0:01:28][%mdl 1024] Black has compensation.} 27. Bf3 Ra3 28. Bg2 Ra5 29. Bf3 Ra3 30. Be2 Bf5 31. Ra1 Rb1 (31... h4 $5) 32. Rxb1 {[%emt 0:01:28] The position is equal.} Bxb1 {[%emt 0:00:37][%mdl 4096] Endgame KRB-KRB} 33. Rb2 Bxa2 34. f5 Bb3 35. fxg6 fxg6 36. Kg2 Kf7 37. Rd2 Ra4 38. Kf3 Bc4 39. Bxc4 Rxc4 {[%emt 0:00:08] KR-KR} 40. Ke3 g5 41. Ra2 h4 42. gxh4 gxh4 43. f3 Kf6 44. Kd3 Rc1 45. Ke3 Rh1 46. Ra6+ e6 47. Ra8 Rxh3 48. Rh8 Rh1 49. Kf4 h3 50. Rh6+ Kf7 51. Rh4 Kg6 52. Kg3 Kg5 53. Rg4+ $1 Kf5 {[%emt 0:00:12] [#] ...e5 is the strong threat.} 54. Rf4+ $1 Kg5 55. Rg4+ $1 Kf6 {[%emt 0:00:03] And now ...e5 would win.} 56. Rf4+ Ke7 57. Rh4 Kd6 58. Rxh3 Rxh3+ 59. Kxh3 e5 60. dxe5+ Kxe5 {[%emt 0:00:04] KP-KP} 61. Kg3 Kd4 62. Kf2 Kc3 63. f4 d4 64. f5 d3 65. f6 $1 d2 66. f7 $1 (66. Ke2 {leads to mate.} Kc2 67. f7 d1=Q+ 68. Kf2 Qd4+ 69. Kf3 Qf6+ 70. Ke4 Qxf7 71. Ke5 Kd3 72. Kd6 Kd4 73. Kc6 Qe7 74. Kb6 Qd7 75. Ka5 Qb7 76. Ka4 Kc4 77. Ka5 Qb5#) 66... d1=Q {[%emt 0:00:03] [#] ( -> ...Qc2+)} 67. f8=Q {[%emt 0:00:09] Weighted Error Value: White=0.04 (flawless) /Black=0.04 (flawless)} 1/2-1/2

[Event "XLIV Barbera del Valles-A 2022"]
[Site "Barbera del Valles"]
[Date "2022.07.07"]
[Round "4.3"]
[White "Gkoumas, Georgios"]
[Black "Narciso Dublan, Marc"]
[Result "1/2-1/2"]
[ECO "B01"]
[WhiteElo "2427"]
[BlackElo "2461"]
[Annotator "TA"]
[PlyCount "64"]
[EventDate "2022.07.04"]
[EventType "swiss"]
[EventCountry "ESP"]
[SourceTitle "playchess.com"]
[Source "ChessBase"]
[SourceQuality "1"]
[TimeControl "5400+30"]

1. e4 d5 2. exd5 Qxd5 3. Nc3 Qa5 4. d4 Nf6 5. Bc4 Bg4 6. Nge2 e6 7. f3 Bf5 8. g4 {[%emt 0:00:05] B01: Scandinavian Defence.} Bg6 9. h4 {[%emt 0:00:05] [#] Threatens to win with h5.} h6 (9... h5 $5 ) 10. Nf4 {[%emt 0:02:39] White has an edge.} Bh7 11. Bd2 {[%emt 0:07:30][%cal Oc3d5] Strongly threatening Ncd5!} Qb6 12. d5 {[%emt 0:06:53][%cal Rd5e6] Prevents Nc6. White is more active.} e5 13. Qe2 Nbd7 14. O-O-O {[%emt 0:07:38][%cal Od5d6] And now d6! would win.} O-O-O {[%emt 0:01:41] [#]} 15. Nh3 $146 ({Predecessor:} 15. Nd3 Qd4 16. Bb3 e4 17. fxe4 Nxe4 18. Nxe4 Qxe4 19. Qf2 Qxg4 20. Qxa7 Bxd3 21. Qa8+ {0-1 (35) Paehtz,T (2459)-Docx,S (2279) Belgium 2002}) 15... Bc5 16. Na4 Qd6 17. Nxc5 Nxc5 18. Be3 Nfd7 19. a3 f5 20. gxf5 Bxf5 21. Nf2 Rhf8 22. Qd2 b6 23. b4 Nb7 24. Be2 (24. Ne4 $14 Bxe4 25. fxe4) 24... c5 (24... Nf6 $15) 25. Rhg1 {[%emt 0:15:55] The position is equal.} Rf7 26. Bb5 Nf6 27. Bc6 $36 {[%emt 0:01:11][%mdl 2048] White has some pressure.} cxb4 28. axb4 Na5 29. bxa5 Qa3+ 30. Kb1 Qb3+ 31. Kc1 Qa3+ 32. Kb1 Qb3+ {[%emt 0:01:03] Weighted Error Value: White=0.08 (flawless) /Black=0.06 (flawless)} 1/2-1/2

[Event "XLIV Barbera del Valles-A 2022"]
[Site "Barbera del Valles"]
[Date "2022.07.07"]
[Round "4.4"]
[White "Vergara Jofre, Felipe"]
[Black "Cuartas, Jaime Alexander"]
[Result "0-1"]
[ECO "B76"]
[WhiteElo "2151"]
[BlackElo "2513"]
[Annotator "TA"]
[PlyCount "96"]
[EventDate "2022.07.04"]
[EventType "swiss"]
[EventCountry "ESP"]
[SourceTitle "playchess.com"]
[Source "ChessBase"]
[SourceQuality "1"]
[TimeControl "5400+30"]

1. e4 c5 2. Nf3 Nc6 3. d4 cxd4 4. Nxd4 Nf6 5. Nc3 d6 6. f3 g6 7. Be3 Bg7 8. Qd2 O-O 9. O-O-O d5 10. exd5 Nxd5 11. Nxc6 bxc6 12. Bd4 e5 13. Bc5 Be6 14. Ne4 Re8 15. g4 h6 16. h4 Qc7 17. g5 h5 18. Bc4 Red8 19. Qf2 {[%emt 0:01:45] B76: Sicilian Dragon: Yugoslav Attack, 9 g4 and 9 0-0-0.} Kh8 20. Rd2 a5 21. a4 {[%emt 0:03:27] White is better.} Rab8 22. Rhd1 Bf8 23. b3 Be7 (23... Bg7 $16 {might work better.}) 24. Bxe7 $18 Qxe7 25. Qc5 {[%emt 0:00:12] [#] Against Qa3+} Re8 $146 ({Predecessor:} 25... Qxc5 26. Nxc5 Re8 27. Re1 Rb4 28. Rxe5 Rxc4 29. bxc4 Nb6 {1-0 (38) Zivkovic,V (2255)-Milosevic,S Pula 1996}) 26. Qxe7 (26. Qxa5 $2 Qa3+ 27. Kb1 Ra8 $19) 26... Rxe7 27. Re1 {[%emt 0:03:05] Prevents Ne3.} Nf4 28. Bxe6 Nxe6 29. Nd6 Rb4 30. Nc4 ({Don't play} 30. Rxe5 $6 Rxh4 31. Nxf7+ (31. Rxa5 Kh7 $14) 31... Rxf7 $18) 30... Nc5 31. Rxe5 $2 ({Weaker is} 31. Nxa5 Rxh4 32. Rd6 (32. Nxc6 Rc7 $16) 32... e4 $16) ({White should play} 31. Rd6 $18) 31... Nxb3+ $1 $14 {[%emt 0:00:06][%mdl 64] Remove Defender} 32. cxb3 Rxc4+ {[%emt 0:00:05][%mdl 64] Remove Defender} 33. bxc4 Rxe5 $18 {[%emt 0:00:05][%mdl 4096] Endgame KR-KR} 34. Rd4 Re3 35. Rf4 Kg7 36. Kb2 Re6 {[%emt 0:01:34] Strongly threatening ...c5.} 37. Kc3 $2 (37. Rd4 $1 $11) 37... c5 $1 $19 38. Kd3 {[%emt 0:00:26] [#]} f5 {[%emt 0:00:55] Prevents Re4. ( -> ...Rd6+)} 39. gxf6+ Rxf6 40. Rxf6 (40. Re4 $19 Rxf3+ 41. Ke2) 40... Kxf6 {[%emt 0:00:14] KP-KP. Black mates.} 41. Ke4 g5 42. hxg5+ Kxg5 {[%emt 0:00:04] K3P-K3P} 43. Ke5 h4 44. f4+ {[%emt 0:00:01] [#]} Kh6 $1 45. Ke4 h3 46. Kf3 Kg6 47. Kg3 Kf5 48. Kxh3 Kxf4 {[%emt 0:00:04] What a bad dream for White.  Weighted Error Value: White=0.48/Black=0.16 (very precise)} 0-1